 Dungeon Crawl Stone Soup version 0.20.0-8-g6b59dc7 (webtiles) character file.

87 MTVSty1e the Chopper (level 4, -2/35 HPs)
             Began as a Demonspawn Gladiator on June 1, 2017.
             Killed by divine providence
             ... invoked by an orc priest
              (13 damage)
             ... on level 3 of the Dungeon.
             The game lasted 00:03:06 (1548 turns).

MTVSty1e the Chopper (Demonspawn Gladiator)         Turns: 1548, Time: 00:03:07

Health: -2/35      AC:  7    Str: 16    XL:     4   Next: 28%
Magic:  4/4        EV: 10    Int:  9    God:
Gold:   77         SH:  0    Dex: 14    Spells: 3/3 levels left

rFire    . . .     SeeInvis .   a - +0 war axe
rCold    . . .     Gourm    .   (no shield)
rNeg     . . .     Faith    .   h - +0 scale mail (curse)
rPois    .         Spirit   .   c - +0 helmet
rElec    .         Reflect  .   (no cloak)
rCorr    .         Harm     .   (no gloves)
MR       .....                  (no boots)
Stlth    ..........             (no amulet)
Regen    0.2/turn               m - ring of loudness (curse)
MPRegen  0.1/turn               (no ring)

@: no status effects
A: claws 2, talons 1
a: no special abilities


You were on level 3 of the Dungeon.
You were not hungry.

You visited 1 branch of the dungeon, and saw 3 of its levels.

You collected 77 gold pieces.

Inventory:

Hand Weapons
 a - a +0 war axe (weapon)
Missiles
 d - 3 throwing nets (quivered)
Armour
 b - a +0 leather armour
 c - a +0 helmet (worn)
 h - a cursed +0 scale mail (worn)
 o - a +0 ring mail
Jewellery
 m - a cursed ring of loudness (left claw)
Scrolls
 p - a scroll of teleportation
 r - 2 scrolls of identify
 s - a scroll of remove curse {unknown}
Potions
 e - 3 potions of berserk rage {unknown}
 i - a potion of mutation {unknown}
 j - 2 potions of ambrosia
 k - a potion of haste {unknown}
 l - a potion of flight {unknown}
 n - a potion of curing {unknown}
 q - a potion of heal wounds {unknown}
Comestibles
 f - a bread ration
 g - a meat ration


   Skills:
 + Level 3.1 Fighting
 * Level 4.0 Axes
 - Level 1.7 Throwing
 - Level 2.6 Dodging


You had 3 spell levels left.
You didn't know any spells.

Dungeon Overview and Level Annotations

Branches:
Dungeon (3/15)

Altars:
The Shining One


Innate Abilities, Weirdness & Mutations

You have very sharp fingernails.
You have sharp toenails.


Message History

The orc shouts! x2; The orc priest shouts!
An orc and an orc wizard come into view.
An orc and an orc priest come into view.
The orc wizard shouts!
The orc shouts! x2; The orc priest shouts!
The orc barely misses you. 2 orcs come into view.
The orc shouts!
The orc hits you but does no damage.
You closely miss the orc. You hit the hobgoblin.
The hobgoblin hits you but does no damage.
The orc closely misses you. The hobgoblin hits you.
Okay, then.
The orc hits you but does no damage. The orc priest closely misses you.
The orc priest calls down the wrath of Beogh upon you.
Beogh smites you!
The orc priest calls down the wrath of Beogh upon you.
Beogh smites you!
The orc priest mumbles some strange prayers to Beogh against you.
Beogh smites you!
You die...

..# ... .. ..# ....
#.################ ..#
...##.#....(.........# #.#
...#.#.############.# #.#
#.#.#.....#....# #.# #.#
#...#.###.#.##.# #.# #.#
#..#.....#....# #.# #.#
#.####.>.......##..###.# #.#
#..........@...........#
#.#########.........#########
#..............#.g.####
################.#o...####
#.#oo...... #.#ooo.####
#.#.o.....# #.#.o.$.#.#
#.oo....# #


You could see 2 orc priests, 6 orcs and a hobgoblin.

Vanquished Creatures
  3 adders (D:2)
  3 dart slugs
  2 leopard geckos
  3 giant cockroaches
  5 goblins
  5 hobgoblins
  3 jackals (D:1)
  2 quokkas (D:2)
  9 bats
  3 frilled lizards
  4 kobolds
  8 rats
50 creatures vanquished.

Notes
Turn   | Place    | Note
-------+----------+-------------------------------------------
     0 | D:1      | MTVSty1e the Demonspawn Gladiator began the quest for the Orb.
     0 | D:1      | Reached XP level 1. HP: 16/16 MP: 1/1
    83 | D:1      | Reached skill level 3 in Axes
    83 | D:1      | Gained mutation: You have sharp fingernails. [demonic ancestry]
    83 | D:1      | Reached XP level 2. HP: 22/23 MP: 2/2
   633 | D:1      | Gained mutation: You have sharp toenails. [demonic ancestry]
   633 | D:1      | Reached XP level 3. HP: 27/28 MP: 3/3
  1199 | D:2      | Reached skill level 4 in Axes
  1199 | D:2      | Gained mutation: You have very sharp fingernails. [demonic ancestry]
  1199 | D:2      | Reached XP level 4. HP: 29/35 MP: 4/4
  1356 | D:2      | Found a glowing golden altar of the Shining One.
  1548 | D:3      | Killed from afar by an orc priest

Skill      XL: |  1  2  3 |
---------------+----------+-----
Axes           | 3 4 |  4.0
Fighting       | 3 |  3.1
Throwing       | |  1.7
Dodging        | |  2.6

Action                   |  1- 3 |  4- 6 || total
-------------------------+-------+-------++-------
Melee: War axe           |   132 |    19 ||   151
       Kick              |    10 |     6 ||    16
  Use: Scroll            |     6 |       ||     6
  Eat: Chunk             |     1 |     1 ||     2
Armor: Leather armour    |    32 |       ||    32
       Scale mail        |    33 |    12 ||    45
       Ring mail         |     4 |       ||     4
Dodge: Dodged            |   109 |    12 ||   121
